 Dungeon Crawl Stone Soup version 0.25.1-8-g42b30a86e7 (webtiles) character file.

Game seed: 394141156506538046

159 Gabide the Skirmisher (level 5, -22/43 HPs)
             Began as a Human Abyssal Knight on Nov 30, 2020.
             Was a Believer of Lugonu.
             Annihilated by an ogre
             ... wielding a +0 giant spiked club
              (29 damage)
             ... on level 3 of the Dungeon.
             The game lasted 00:05:14 (2580 turns).

Gabide the Skirmisher (Human Abyssal Knight)        Turns: 2580, Time: 00:05:15

Health: -22/43     AC:  7    Str: 16    XL:     5   Next: 68%
Magic:  4/6        EV: 11    Int: 12    God:    Lugonu [**....]
Gold:   123        SH:  0    Dex: 12    Spells: 4/4 levels left

rFire    . . .     SeeInvis .   a - +1 spear
rCold    . . .     Gourm    .   (no shield)
rNeg     . . .     Faith    .   d - +1 ring mail
rPois    .         Spirit   .   (no helmet)
rElec    .         Reflect  .   (no cloak)
rCorr    .         Harm     .   (no gloves)
MR       .....                  (no boots)
Stlth    ..........             h - amulet of the acrobat
HPRegen  0.14/turn              (no ring)
MPRegen  0.10/turn              (no ring)

@: no status effects
A: hooves 1, rugged brown scales 1, strong 1, subdued magic 1
a: Depart the Abyss, Bend Space, Renounce Religion


You were on level 3 of the Dungeon.
You worshipped Lugonu.
Lugonu was pleased with you.
You were not hungry.

You visited 1 branch of the dungeon, and saw 3 of its levels.
You visited the Abyss 1 time.

You collected 123 gold pieces.

Inventory:

Hand Weapons
 a - a +1 spear (weapon)
Armour
 d - a +1 ring mail (worn)
Jewellery
 h - an amulet of the acrobat (around neck)
Potions
 b - a potion of brilliance {unknown}
 g - a potion of degeneration {unknown}
 i - a potion of berserk rage {unknown}
 l - 2 potions of stabbing
 m - a potion of heal wounds {unknown}
Comestibles
 c - 5 rations
 k - 9 chunks of flesh


   Skills:
 * Level 3.8 Fighting
 * Level 3.7 Polearms
 + Level 3.2 Armour
 * Level 1.7 Dodging
 + Level 2.0 Invocations


You had 4 spell levels left.
You didn't know any spells.
Your spell library contained the following spells:

 Spells                   Type           Power        Failure   Level  Hunger
 Magic Dart               Conj           #...         47%         1    ##.....
 Blink                    Tloc           N/A          63%         2    ###....
 Call Imp                 Summ           #.......     63%         2    ###....
 Slow                     Hex            #.......     63%         2    ###....
 Conjure Flame            Conj/Fire      #.......     86%         3    ####...
 Mephitic Cloud           Conj/Pois/Air  #.......     86%         3    ####...


Dungeon Overview and Level Annotations

Branches:
Dungeon (3/15)

Altars:
Gozag
Hepliaklqana
Nemelex Xobeh
Qazlal
Trog
Wu Jian


Innate Abilities, Weirdness & Mutations

You have large cloven feet.
You are partially covered in rugged brown scales. (AC +1, +3% HP)
Your muscles are strong. (Str +2)
Your spells are a little easier to cast, but a little less powerful.


Message History

You hit the ogre.
The ogre is moderately wounded.
The ogre hits you with a +0 giant spiked club!!
* * * LOW HITPOINT WARNING * * *
Okay, then.
Attack whom?
Press: ? - help, Dir - move target cursor, f - ogre
Aim: an ogre, wielding a +0 giant spiked club (moderately wounded)
You reach to attack!
You hit the ogre.
The ogre is heavily wounded.
Space bends around you!
You blink.
Attack whom?
Press: ? - help, Dir - move target cursor, f/p - ogre
Aim: an ogre, wielding a +0 giant spiked club (translocational energy, heavily wounded)
You reach to attack!
You hit the ogre.
The ogre is heavily wounded.
Space bends around you!
You blink.
The ogre hits you with a +0 giant spiked club!!
Ouch! That really hurt!
You die...

....##.#### #.#
######.# ###.# #
####.# #...# #
#....####.###
###.###.....# ....#
#.###########
.######..........§#
.#.(...##########O#
.#.....# #...@(#
.#.....# #.#####
.......# #.
#..÷[..######.
#.#÷#.........
#.#.##########
..#.# .<#.# .##+#


You could see an ogre.

Vanquished Creatures
  Robin (D:2)
  5 adders
  An ooze (D:1)
  A worm (D:2)
  2 dart slugs (D:1)
  3 leopard geckos (D:1)
  An orc (D:2)
  A ball python (D:3)
  10 bats
  6 giant cockroaches
  6 hobgoblins
  7 jackals
  6 kobolds
  A quokka (D:2)
  4 frilled lizards
  16 goblins
  14 rats
85 creatures vanquished.

Notes
Turn   | Place    | Note
-------+----------+-------------------------------------------
     0 | Abyss:1  | Gabide the Human Abyssal Knight began the quest for the
                  | Orb.
     0 | Abyss:1  | Reached XP level 1. HP: 18/18 MP: 2/2
    37 | Abyss:1  | Found a corrupted altar of Lugonu.
    72 | Abyss:1  | Noticed an ancient zyme
    86 | D:1      | Escaped the Abyss
   145 | D:1      | Reached XP level 2. HP: 17/24 MP: 3/3
   347 | D:1      | Reached * piety under Lugonu
   358 | D:1      | Reached XP level 3. HP: 25/29 MP: 4/4
   951 | D:2      | Reached XP level 4. HP: 35/35 MP: 5/5
  1092 | D:2      | Found a bloodstained altar of Trog.
  1251 | D:2      | Noticed Robin
  1273 | D:2      | Reached ** piety under Lugonu
  1292 | D:2      | Gained mutation: Your muscles are strong. (Str +2) [potion
                  | of mutation]
  1292 | D:2      | Gained mutation: Your spells are a little easier to cast,
                  | but a little less powerful. [potion of mutation]
  1292 | D:2      | Gained mutation: You have large cloven feet. [potion of
                  | mutation]
  1292 | D:2      | Gained mutation: You are partially covered in rugged brown
                  | scales. (AC +1, +3% HP) [potion of mutation]
  1308 | D:2      | Killed Robin
  1792 | D:2      | Found a stormy altar of Qazlal.
  1930 | D:2      | Reached XP level 5. HP: 34/42 MP: 6/6
  2110 | D:2      | Found a hazy altar of Hepliaklqana.
  2110 | D:2      | Found an ornate altar of the Wu Jian Council.
  2111 | D:2      | Found a sparkling altar of Nemelex Xobeh.
  2277 | D:2      | Found an opulent altar of Gozag.
  2571 | D:3      | Noticed an ogre
  2580 | D:3      | Annihilated by an ogre

Illustrated notes

Levels and vault maps discovered:
D:1:      dpeg_arrival_rooms_a, layout_rooms, hangedman_decor_diamond_cutter
D:2:      layout_basic, lemuel_round_altar, gammafunk_temple_overflow_claw,
          overflow_temple_1_default, grunt_gozag_breadcrumbs, uniq_robin
D:3:      layout_basic, minmay_misc_feat_doors

Skill      XL: |  1  2  3  4 |
---------------+-------------+-----
Armour         | 3 |  3.2
Polearms       | 3 |  3.7
Fighting       | |  3.8
Dodging        | |  1.7
Invocations    | |  2.0

Action                   |  1- 3 |  4- 6 || total
-------------------------+-------+-------++-------
Melee: Spear             |   118 |   189 ||   307
       Kick              |       |    17 ||    17
Invok: Depart the Abyss  |     1 |       ||     1
       Bend Space        |       |     3 ||     3
  Use: Scroll            |     1 |     4 ||     5
       Potion            |       |     1 ||     1
  Eat: Chunk             |       |     6 ||     6
Armor: Ring mail         |    53 |    59 ||   112
Dodge: Dodged            |    91 |    99 ||   190
